 Dungeon Crawl Stone Soup version 0.29-a0-121-g8efb068a30 (webtiles) character file.

Game seed: 18074438317995585659

36 Gargoyl the Skirmisher (level 3, 0/23 HPs)
             Began as a Gargoyle Abyssal Knight on Feb 20, 2022.
             Was a Follower of Lugonu.
             Slain by a gnoll (5 damage)
             ... on level 1 of the Dungeon.
             The game lasted 00:01:50 (1712 turns).

Gargoyl the Skirmisher (Gargoyle Abyssal Knight)    Turns: 1712, Time: 00:01:50

Health: 0/23       AC:  8    Str: 18    XL:     3   Next: 37%
Magic:  4/4        EV: 10    Int: 10    God:    Lugonu [*.....]
Gold:   67         SH:  0    Dex: 10    Spells: 2/2 levels left

rFire   + . .      SeeInvis .   a - +2 hand axe
rCold   . . .      Faith    .   (no shield)
rNeg    + . .      Spirit   .   l - +0 ring mail
rPois   ∞          Reflect  .   (no helmet)
rElec   +          Harm     .   (no cloak)
rCorr   .          Rampage  .   (no gloves)
Will    .....                   (no boots)
Stlth   ..........              (no amulet)
HPRegen 0.07/turn               k - ring of protection from fire
MPRegen 0.09/turn               (no ring)

@: mighty
A: sickness immunity, AC +3, negative energy resistance 1, electricity
resistance, torment resistance 1, petrification resistance
a: Renounce Religion, Depart the Abyss


You were on level 1 of the Dungeon.
You worshipped Lugonu.
Lugonu was aware of your devotion.
You visited 1 branch of the dungeon, and saw 2 of its levels.
You visited the Abyss 1 time.

You collected 67 gold pieces.

Inventory:

Hand Weapons
 a - a +2 hand axe (weapon)
Armour
 l - a +0 ring mail (worn)
Jewellery
 k - a ring of protection from fire (left hand)
Scrolls
 d - a scroll of noise {unknown}
Potions
 b - a potion of mutation {unknown}
 c - a potion of flight
 f - a potion of haste {unknown}
 g - a potion of might
 i - a potion of heal wounds {unknown}
 j - a potion of curing {unknown}
 m - a potion of degeneration {unknown}


   Skills:
 + Level 3.5 Fighting
 + Level 2.3 Axes
 + Level 2.5 Armour
 + Level 1.1 Dodging
 + Level 2.5 Invocations


You had 2 spell levels left.
You didn't know any spells.
Your spell library was empty.

Dungeon Overview and Level Annotations

Branches:
Dungeon (2/15)

Altars:


Innate Abilities, Weirdness & Mutations

You are immune to sickness and miasma.
Your stone body is resilient. (AC +3)
You are immune to poison.
You resist negative energy. (rN+)
You are resistant to electric shocks. (rElec)
You are resistant to unholy torment.
You are immune to petrification.


Message History

You climb upwards.
There is a stone staircase leading down here.
You hit the endoplasm.
The endoplasm is moderately wounded.
The endoplasm barely misses you.
You hit the endoplasm.
You kill the endoplasm!
Lugonu accepts your kill.
You start resting.
HP restored.
There is a stone staircase leading down here.
You climb downwards.
The ball python bites you. The ball python grabs you.
The ball python constricts you. The gnoll barely misses you.
The ball python bites you but does no damage.
The ball python constricts you. The gnoll hits you with a +0 flail. x2
There is a stone staircase leading up here.
Unknown command.
You escape the ball python's grasp.
The ball python barely misses you. The ball python misses you.
The gnoll hits you with a +0 flail. The gnoll hits you but does no damage.
You climb upwards.
There is a stone staircase leading down here.
Unknown command.
You barely miss the gnoll. You hit the ball python.
You kill the ball python!
Lugonu accepts your kill.
You barely miss the gnoll. The gnoll barely misses you.
The gnoll hits you with a +0 flail.
Unknown command.
Unknown command.
You hit the gnoll.
The gnoll is moderately wounded.
You hit the gnoll. The gnoll hits you but does no damage.
The gnoll barely misses you.
It was a potion of might.
You feel very mighty all of a sudden. The gnoll hits you with a +0 flail.
* * * LOW HITPOINT WARNING * * *
The gnoll hits you with a +0 flail.
You die...

#.#######...###.# ##P...P ###.#
#...# #.# ##P..... #...# #...#
### ##P...≈.. #.### #...#
#P...≈≈≈. #.# ######...#####
#P..≈≈≈≈≈ #.# #............#
#P..≈≈<≈≈ #.#
#........###.####P..≈≈≈≈≈ ####.#
#...#...g###.........≈≈≈.
.....####......†@g...#####P...≈..
######.........#####.# ##P.....
#.##............# ##P...P
#.##.....######## ##P.P#
#.###......# ##.## #.########.#
#.# #...# ####.#### #.# ###.#
#.......# ### #.# #.# #.......#
#.# #.#


You could see 2 gnolls.

Vanquished Creatures
  An adder (D:2)
  A worm (D:2)
  A dart slug (D:2)
  3 ball pythons
  4 endoplasms
  3 hobgoblins
  A quokka (D:2)
  2 bats
  2 frilled lizards
  A kobold (D:1)
  3 rats
22 creatures vanquished.

Notes
Turn   | Place    | Note
-------+----------+-------------------------------------------
     0 | Abyss:1  | Gargoyl the Gargoyle Abyssal Knight began the quest for the
                  | Orb.
     0 | Abyss:1  | Reached XP level 1. HP: 14/14 MP: 2/2
     0 | D:1      | Escaped the Abyss
   167 | D:1      | You fall into a shaft and drop 1 floor!
   173 | D:2      | Reached skill level 1 in Dodging
   228 | D:2      | Reached XP level 2. HP: 11/19 MP: 3/3
   430 | D:2      | Reached * piety under Lugonu
   588 | D:1      | Found a faded altar of an unknown god.
   808 | D:1      | Reached XP level 3. HP: 21/23 MP: 4/4
  1712 | D:1      | Slain by a gnoll

Illustrated notes

Levels and vault maps discovered:
D:1:      co_arrival_hexagon_in_a_hexagon, layout_loops_cross,
          dreamdust_ecumenical_altar_grove
D:2:      layout_basic

Skill      XL: |  1 |
---------------+----+-----
Dodging        | 1 |  1.1
Axes           | 2 |  2.3
Fighting       | |  3.5
Armour         | |  2.5
Invocations    | |  2.5

Action                   || total
-------------------------++-------
Melee: Hand axe          ||    68
Invok: Depart the Abyss  ||     1
  Use: Scroll            ||     5
       Potion            ||     1
Armor: Leather armour    ||    16
       Ring mail         ||     5
Dodge: Dodged            ||    51

Table legend: (Time is in decaauts)
 A = Elapsed time spent in this place.
 B = Non-inter-level travel time spent in this place.
 C = Inter-level travel time spent in this place.
 D = Time resting spent in this place.
 E = Time spent auto-exploring this place.
 F = Levels seen in this place.
 G = Mean time per level.
                   A        B        C        D        E       F      G
               +--------+--------+--------+--------+--------+-----+--------+
         Total |   1727 |   1711 |     16 |    212 |   1162 |   3 |  575.7 |
       Dungeon |   1727 |   1711 |     16 |    212 |   1162 |   2 |  863.5 |
         Abyss |      0 |      0 |      0 |      0 |      0 |   1 |    0.0 |
               +--------+--------+--------+--------+--------+-----+--------+

Top non-repeatable levels by time:
     D:1: 1002 daAuts
     D:2: 725 daAuts
